Map: Central Protocol

Players

Miltreta

  • Race: Terran Terran
  • League: Bronze

Halffro - Winner!

  • Race: Zerg Zerg

VOD

Have the link to the VOD?

Description

Time

  • Played on: March 15, 2016, 9:20 p.m.
  • Length: 14:24
Show
View Real Time Build Order
Export as new Build Order

Miltreta Terran 

Build Orders:  

Get SALT Encoding   

  12  0:01  SCV  
  13  0:14  Supply Depot  
  13  0:17  SCV  
  14  0:27  Refinery  
  14  0:30  SCV  
  15  0:41  Supply Depot  
  15  0:44  SCV  
  16  1:01  Barracks  
  16  1:07  SCV  
  17  1:19  SCV  
  18  1:30  Refinery  
  18  1:32  SCV  
  19  1:47  SCV  
  20  2:06  Orbital Command  
  21  2:09  Barracks  
  21  2:10  Barracks Reactor  
  20  2:41  Engineering Bay  
  20  2:47  Reaper x2  
  20  2:48  Factory  
  22  2:56  Barracks Reactor  
  22  3:03  Barracks  
  22  3:08  SCV  
  23  3:25  Reaper x2  
  24  3:38  Hellion  
  26  3:42  Reaper x2  
  28  3:50  Barracks Reactor  
  28  3:57  Barracks  
  28  4:00  Reaper x2  
  30  4:14  Hellion  
  32  4:17  Supply Depot  
  32  4:18  Supply Depot  
  32  4:20  Supply Depot  
  32  4:23  Reaper x2  
  34  4:28  Reaper x2  
  36  4:35  Hellion  
  36  4:38  SCV  
  39  4:54  Barracks Reactor  
  29  5:43  Reaper x4  
  29  5:44  Widow Mine  
  32  5:52  Command Center  
  32  6:01  Starport  
  32  6:14  Factory Reactor  
  32  6:16  Marine x2  
  27  6:48  Reaper x2  
  27  6:52  SCV  
  14  7:04  SCV  
  13  7:25  Liberator  
  12  7:36  Planetary Fortress  
  12  7:39  Widow Mine x2  
  19  7:50  SCV  
  20  7:58  Marine x3  
  21  7:59  Marine  
  21  8:00  Marine  
  23  8:25  Marine x3  
  23  8:26  Marine x3  
  8  9:47  Marine x2  
  8  9:48  Marine x2  
  8  9:49  Marine  
  13  9:53  Starport Tech Lab  
  13  10:02  Marine  
  13  10:03  Marine  
  14  10:17  Marine  
  14  10:18  Marine  
  13  10:44  SCV  
  14  10:59  Marine x3  
  14  11:00  Marine  
  14  11:01  Marine  
  14  11:02  Marine  
  20  11:19  SCV  
  21  11:26  Marine  
  22  11:43  Barracks Tech Lab  
  20  11:55  Marine  
  20  11:59  SCV  
  22  12:14  SCV  
  19  12:40  Marine x2  
  21  13:17  Marine x2  
  21  13:18  Marine  
  24  13:43  Marine  
  24  13:44  Marine x2  
  27  13:53  SCV  
  28  14:05  Marine  
Show
View Real Time Build Order
Export as new Build Order

Halffro Zerg - Winner!

Build Orders: Pool First 

Get SALT Encoding   

  12  0:01  Drone  
  13  0:08  Drone  
  14  0:22  Overlord  
  14  0:42  Drone x3  
  17  1:04  Drone  
  17  1:07  Extractor  
  17  1:14  Drone  
  18  1:23  Drone  
  19  1:29  Spawning Pool  
  18  1:34  Drone  
  19  1:40  Drone  
  20  2:16  Zergling x4  
  20  2:18  Overlord  
  22  2:33  Metabolic Boost  
  22  2:45  Drone  
  22  2:46  Drone  
  24  2:57  Zergling x2  
  25  3:08  Zergling x2  
  25  3:09  Lair  
  26  3:16  Roach Warren  
  23  3:40  Zergling x6  
  26  3:54  Spine Crawler  
  25  3:56  Spine Crawler  
  25  3:58  Roach  
  25  4:14  Zergling x2  
  25  4:15  Zergling x2  
  26  4:26  Evolution Chamber  
  26  4:28  Drone, Spire  
  25  4:37  Spine Crawler  
  24  4:40  Roach  
  26  4:49  Roach  
  28  4:57  Overlord  
  28  4:58  Queen  
  28  4:59  Spine Crawler  
  28  5:18  Roach x2  
  29  5:28  Zergling x2  
  27  5:40  Drone  
  26  5:52  Zergling x2  
  27  6:00  Zergling x2  
  28  6:18  Hatchery, Zergling x2  
  28  6:25  Zergling x8  
  30  6:36  Roach  
  32  6:41  Extractor  
  33  7:01  Roach x2  
  33  7:02  Roach  
  31  7:24  Roach x3  
  31  7:26  Glial Reconstitution  
  35  7:38  Drone x3  
  38  7:46  Drone x3  
  41  7:57  Mutalisk  
  43  7:59  Overlord  
  43  8:21  Overlord  
  43  8:23  Mutalisk x3  
  49  8:38  Drone x3  
  50  8:47  Mutalisk x2  
  54  9:06  Overlord x2  
  54  9:08  Spine Crawler  
  53  9:11  Spine Crawler  
  46  9:39  Mutalisk x3  
  46  9:42  Zergling x2  
  46  9:43  Zergling x4  
  53  9:51  Drone  
  54  9:53  Drone  
  54  9:56  Queen  
  54  10:42  Zergling x4  
  54  10:43  Zergling x12  
  60  11:01  Zergling x2  
  60  11:02  Zergling x4  
  63  11:31  Zergling x2  
  63  11:32  Zergling x8  
  51  11:55  Zergling x10  
  56  12:09  Evolution Chamber  
  55  12:16  Extractor  
  55  12:17  Overlord  
  55  12:18  Overlord, Extractor, Drone x5  
  58  12:26  Overlord x2  
  58  12:28  Queen  
  60  12:45  Drone  
  60  12:46  Drone x3  
  66  12:58  Roach x2  
  66  12:59  Baneling Nest  
  63  13:25  Mutalisk x6  
  75  13:37  Drone  
  75  13:38  Drone x4  
  80  13:46  Baneling  
  80  13:47  Baneling x3  
  80  13:48  Baneling  
  80  13:49  Baneling  
  80  13:58  Mutalisk x4  
  80  13:59  Mutalisk  
  90  14:11  Hatchery  
Tags
 
Add a new tag
Caveats
  • Supply blocks, unpowered buildings, or Contaminate may cause inaccurate times.
  • Supply counts are checked every 10 seconds.